 Dungeon Crawl Stone Soup version bcrawl-1.13.5 (webtiles) character file.

Game seed: 11370951881047751830

1450 DawwaD the Cutter (level 9, -3/68 HPs)
             Began as a Human Wanderer on Aug 23, 2019.
             Was a Plaything of Xom.
             Slain by a bullfrog zombie (6 damage)
             ... on level 6 of the Dungeon.
             The game lasted 00:31:45 (5720 turns).

DawwaD the Cutter (Human Wanderer)                  Turns: 5720, Time: 00:31:46

Health: -3/68      AC:  8    Str: 15    XL:     9   Next: 4%
Magic:  11/11      EV: 13    Int: 10    God:    Xom [*.....]
Gold:   406        SH:  0    Dex: 14    Spells: 9/10 levels left

rFire    + . .     SeeInvis .   y - +3 quarterstaff (chaos)
rCold    x . .     Gourm    .   (shield currently unavailable)
rNeg     . . .     Faith    +   g - +0 ring mail
rPois    +         Spirit   .   (no helmet)
rElec    .         Reflect  .   z - +0 cloak {rPois}
rCorr    .         Harm     .   e - +0 pair of gloves
MR       .....                  (no boots)
Stlth    ++........             D - amulet of faith
HPRegen  0.21/turn              k - ring of fire
MPRegen  0.12/turn              (no ring)

@: no status effects
A: dopey 1
a: Renounce Religion


You were on level 6 of the Dungeon.
You worshipped Xom.
You were a special plaything of Xom.
You were not hungry.

You visited 2 branches of the dungeon, and saw 7 of its levels.

You collected 406 gold pieces.

Inventory:

Hand Weapons
 w - a +2 short sword of speed
 y - a +3 quarterstaff of chaos (weapon)
Armour
 e - a +0 pair of gloves (worn)
 g - a +0 ring mail (worn)
 z - a +0 cloak of poison resistance (worn)
Jewellery
 k - a ring of fire (left hand)
 p - an uncursed amulet of the acrobat
 D - an amulet of faith (around neck)
Wands
 r - a wand of random effects (6)
 B - a wand of iceblast (7)
Scrolls
 a - a scroll of enchant weapon {unknown}
 c - 5 scrolls of teleportation
 d - a scroll of remove curse
 f - a scroll of blinking
 h - 3 scrolls of fog
 j - 2 scrolls of magic mapping
 s - 2 scrolls of identify
 u - a scroll of immolation
 C - a scroll of fear {unknown}
Potions
 b - 3 potions of curing
 i - a potion of degeneration
 l - a potion of invisibility
 m - a potion of brilliance {unknown}
 o - a potion of agility
 t - a potion of cancellation {unknown}
 v - a potion of mutation {unknown}
 x - a potion of ambrosia {unknown}
Comestibles
 n - 6 chunks of flesh
 q - 6 rations {!d}


   Skills:
 * Level 5.2 Fighting
 * Level 5.9 Short Blades
   Level 2.1(2.5) Polearms
 - Level 2.1(2.5) Staves
 + Level 5.3 Armour
 + Level 4.8 Dodging
 - Level 3.6 Stealth
 - Level 2.1 Unarmed Combat
 + Level 1.3 Spellcasting
 + Level 1.2 Transmutations
 - Level 1.2 Evocations


You had 9 spell levels left.
You knew the following spells:

 Your Spells              Type           Power        Failure   Level  Hunger
a - Beastly Appendage     Tmut           #.....       36%         1    ##.....

Your spell library contained the following spells:

 Spells                   Type           Power        Failure   Level  Hunger
 Sticks to Snakes         Tmut           #.......     50%         2    ###....
 Spider Form              Tmut/Pois      #..          82%         3    ####...
 Confuse                  Hex            #.......     88%         3    ####...
 Dazzling Spray           Conj/Hex       #.....       88%         3    ####...
 Ice Form                 Ice/Tmut       #.......     99%         4    #####..
 Petrify                  Tmut/Erth      #.......     99%         4    #####..
 Yara's Violent Unravell  Hex/Tmut       #.........   99%         4    #####..
 Blade Hands              Tmut           #.........   100%        5    ######.
 Metabolic Englaciation   Hex/Ice        #.........   100%        5    ######.
 Mana Rupture             Conj/Hex       #.........   100%        7    #######


Dungeon Overview and Level Annotations

Branches:
Dungeon (6/12)             Temple (1/1) D:4

Altars:
Ashenzari
Cheibriados
Elyvilon
Gozag
Hepliaklqana
Kikubaaqudgha
Lugonu
Nemelex Xobeh
Okawaru
Qazlal
Ru
Sif Muna
Uskayaw
Wu Jian
Xom
Yredelemnul
The Shining One


Innate Abilities, Weirdness & Mutations

You are dopey. (Int -2)


Message History

The shadow imp hits you but does no damage.
You barely miss the bullfrog zombie.
The bullfrog zombie is moderately damaged.
The bullfrog zombie completely misses you.
The bullfrog zombie hits you.
* * * LOW HITPOINT WARNING * * *
The shadow imp shouts, "Out, out, thou hateful wibble-sucking baggage!"
The shadow imp misses you.
The crimson imp blinks!
You barely miss the bullfrog zombie.
The bullfrog zombie is moderately damaged.
The bullfrog zombie barely misses you. The shadow imp closely misses you.
The bullfrog zombie closely misses you.
The shadow imp closely misses you. "Get over here!"
The shadow imp blinks!
The shadow imp closely misses you.
There is a stone staircase leading up here.
The bullfrog zombie hits you.
* * * LOW HITPOINT WARNING * * *
The shadow imp misses you. The bullfrog zombie hits you.
You die...

#.#.............)...
#.#..#...........###
#.#..###>....#######
#.#..# #...###†..#..
##.#..#
#....##.##.##
#.....#
#......##.##.
#.....#
########.##.#
#.....# #..###.
#.5Z@.# #### ##
#.$5#.# #...#.#
....##.# ####.. .#
#....# #....# #....#


You could see a crimson imp, a shadow imp and a bullfrog zombie.

Vanquished Creatures
  A hippogriff (D:6)
  Menkaure (D:6)
  A water moccasin (D:6)
  2 sky beasts
  A centaur (D:6)
  Blork the orc (D:6)
  A water moccasin skeleton (D:5)
  4 crimson imps
  A centaur zombie (D:5)
  Crazy Yiuf (D:4)
  2 hounds
  A jelly (D:5)
  A bullfrog skeleton (D:5)
  A gnoll shaman (D:5)
  4 orc wizards (D:5)
  A worker ant (D:4)
  5 adders
  3 gnolls (D:5)
  2 river rats (D:4)
  3 oozes
  An adder zombie (D:5)
  An adder skeleton (D:4)
  2 worms
  2 dart slugs (D:3)
  3 leopard geckos
  14 orcs
  A ball python (D:2)
  6 giant cockroaches
  7 goblins
  5 hobgoblins
  4 jackals
  4 kobolds
  2 quokkas
  11 bats
  2 frilled lizards
  8 rats
  2 butterflies (D:2)
112 creatures vanquished.

Notes
Turn   | Place    | Note
-------+----------+-------------------------------------------
     0 | D:1      | DawwaD the Human Wanderer began the quest for the Orb.
     0 | D:1      | DawwaD set off with the following items: a +2 quarterstaff,
                  | a potion of curing, a scroll of teleportation, a +0 robe, a
                  | +0 dagger, a ration {!d}
     0 | D:1      | Reached XP level 1. HP: 13/13 MP: 1/1
    35 | D:1      | Reached XP level 2. HP: 17/20 MP: 2/2
   361 | D:1      | Reached XP level 3. HP: 25/25 MP: 3/3
   401 | D:1      | Reached skill level 1 in Armour
   627 | D:1      | Reached skill level 1 in Fighting
  1464 | D:2      | Reached XP level 4. HP: 23/32 MP: 4/4
  1654 | D:2      | Found a shimmering altar of Xom.
  1708 | D:2      | Reached skill level 1 in Polearms
  2657 | D:2      | Became a worshipper of Xom of Unknown Intention
  2723 | D:2      | Found a shimmering altar of Xom.
  3085 | D:3      | Reached XP level 5. HP: 26/38 MP: 5/5
  3684 | D:3      | XOM: noise
  3711 | D:4      | XOM: stealth player
  3726 | D:4      | XOM: harmless Tmut miscast
  3731 | D:4      | XOM: noise
  3773 | D:4      | Reached skill level 1 in Short Blades
  3853 | D:4      | XOM: mild Ice miscast
  3858 | D:4      | Reached XP level 6. HP: 46/46 MP: 6/6
  3910 | D:4      | Found a shimmering blue altar of Sif Muna.
  4008 | D:4      | Found a staircase to the Ecumenical Temple.
  4019 | Temple   | Entered the Ecumenical Temple
  4271 | Temple   | XOM: divination: magic mapping
  4365 | D:4      | XOM is BORED!
  4365 | D:4      | XOM: noise
  4426 | D:4      | XOM: divination: detect items
  4454 | D:4      | Found a glowing drain.
  4496 | D:4      | XOM: confuse monster(s)
  4543 | D:4      | Found a runed door.
  4547 | D:4      | Noticed Crazy Yiuf
  4562 | D:4      | Killed Crazy Yiuf
  4738 | D:5      | Entered Level 5 of the Dungeon
  4772 | D:5      | XOM: cleaving
  4773 | D:5      | XOM: medium Ice miscast
  4841 | D:5      | Reached XP level 7. HP: 34/51 MP: 7/7
  4957 | D:5      | XOM: cloud trail
  5032 | D:5      | Reached skill level 5 in Short Blades
  5041 | D:5      | Learned a level 1 spell: Beastly Appendage
  5074 | D:5      | XOM: give mutation
  5074 | D:5      | Gained mutation: You are dopey. (Int -2) [Xom's mischief]
  5140 | D:5      | XOM: swap monsters
  5209 | D:5      | Reached XP level 8. HP: 37/58 MP: 8/8
  5502 | D:6      | Noticed Blork the orc
  5514 | D:6      | Killed Blork the orc
  5573 | D:6      | Reached skill level 1 in Transmutations
  5575 | D:6      | Noticed a hippogriff
  5587 | D:6      | Killed a hippogriff
  5587 | D:6      | Reached skill level 1 in Spellcasting
  5625 | D:6      | Noticed Menkaure
  5629 | D:6      | XOM: cleaving
  5631 | D:6      | Killed Menkaure
  5631 | D:6      | Reached skill level 5 in Armour
  5637 | D:6      | Reached skill level 5 in Fighting
  5654 | D:6      | Reached XP level 9. HP: 14/68 MP: 9/11
  5664 | D:6      | Found a white marble altar of Elyvilon.
  5701 | D:6      | XOM: summons 4 hostile demons
  5715 | D:6      | HP: 3/68 [bullfrog zombie (5)]
  5718 | D:6      | XOM: blink monster(s)
  5720 | D:6      | HP: 3/68 [bullfrog zombie (2)]
  5720 | D:6      | Slain by a bullfrog zombie

Skill      XL: |  1  2  3  4  5  6  7  8 |
---------------+-------------------------+-----
Armour         | 1 2 3 5 |  5.3
Staves         | 2 |  2.1
Fighting       | 1 2 3 5 |  5.2
Polearms       | 1 2 |  2.1
Short Blades   | 2 3 5 |  5.9
Dodging        | 4 |  4.8
Transmutations | 1 |  1.2
Spellcasting   | 1 |  1.3
Stealth        | |  3.6
Unarmed Combat | |  2.1
Evocations     | |  1.2

Action                   |  1- 3 |  4- 6 |  7- 9 || total
-------------------------+-------+-------+-------++-------
Melee: Quarterstaff      |    47 |    25 |   155 ||   227
       Spear             |    65 |   164 |       ||   229
       Punch             |       |     2 |       ||     2
       Short sword       |       |   156 |       ||   156
 Cast: Beastly Appendage |       |       |     1 ||     1
Evoke: Wand              |       |     1 |       ||     1
  Use: Scroll            |     2 |     4 |       ||     6
       Potion            |       |     1 |     3 ||     4
 Stab: Sleeping          |     4 |     4 |     3 ||    11
       Distracted        |       |     2 |       ||     2
       Confused          |       |     1 |       ||     1
       Paralysed         |       |       |     3 ||     3
  Eat: Ration            |     1 |     2 |       ||     3
       Chunk             |     1 |     3 |     2 ||     6
Armor: Ring mail         |    43 |    91 |    56 ||   190
Dodge: Dodged            |    68 |   198 |    95 ||   361
